 Dungeon Crawl Stone Soup version 0.19-a0-1193-g2641e52 (webtiles) character file.

15094 st0uf the Cleaver (level 11, 0/99 HPs)
             Began as a Minotaur Fighter on Aug 19, 2016.
             Was a Believer of Uskayaw.
             Killed by vampiric draining
             ... invoked by Josephine
              (23 damage)
             ... on level 1 of the Orcish Mines.
             The game lasted 00:52:52 (12508 turns).

st0uf the Cleaver (Minotaur Fighter)               Turns: 12508, Time: 00:52:53

Health: 0/99       AC: 11    Str: 28    XL:     11   Next: 97%
Magic:  10/10      EV: 15    Int:  5    God:    Uskayaw [**....]
Gold:   666        SH:  8    Dex: 11    Spells: 0 memorised, 10 levels left

rFire  . . .     SeeInvis .     U - +9 staff of Olgreb {rPois}
rCold  . . .     Gourm    +     R - +0 ring mail (curse)
rNeg   . . .     Faith    .     V - +2 buckler "Zimpogga" {Str+5}
rPois  ∞         Spirit   .     (helmet restricted)
rElec  .         Dismiss  .     A - +2 cloak
rCorr  .         Reflect  .     e - +0 pair of gloves
MR     .....     Harm     .     (no boots)
Stlth  ++........               T - amulet of the gourmand
                                (no ring)
                                P - ring of poison resistance

@: slowed, drained, very slow
A: retaliatory headbutt, horns 2
a: Stomp, Line Pass, Renounce Religion


You were on level 1 of the Orcish Mines.
You worshipped Uskayaw.
Uskayaw was noncommittal.
You were completely stuffed.

You visited 3 branches of the dungeon, and saw 12 of its levels.
You also visited: Ossuary.

You collected 951 gold pieces.
You spent 285 gold pieces at shops.

Inventory:

Hand Weapons
 a - a +0 war axe
 Q - a +2 hand axe of flaming
 S - the +6 halberd of the Enemy {vamp, rF+ MR+}
   (You found it on level 9 of the Dungeon)

   It inflicts no extra harm, but heals its wielder somewhat when it strikes a
   living foe.
   It protects you from fire.
   It affects your resistance to hostile enchantments.
 U - the +9 staff of Olgreb (weapon) {rPois}
   (You found it on level 9 of the Dungeon)

   It protects you from poison.
Missiles
 d - 3 exploding tomahawks
 B - 12 tomahawks (quivered)
 Y - 3 javelins
Armour
 b - a +0 scale mail
 c - a +0 shield
 e - a +0 pair of gloves (worn)
 A - a +2 cloak (worn)
 R - a cursed +0 ring mail (worn)
 V - the +2 buckler "Zimpogga" (worn) {Str+5}
   (You bought it in a shop on level 9 of the Dungeon)

   It affects your strength (+5).
Jewellery
 P - a ring of poison resistance (left hand)
 T - an amulet of the gourmand (around neck)
Wands
 s - a wand of flame (9/48)
 E - a wand of random effects (4/48)
 K - a wand of lightning (4/15)
Scrolls
 g - 13 scrolls of identify
 h - 3 scrolls of noise {unknown}
 j - 4 scrolls of recharging {unknown}
 q - 6 scrolls of remove curse {unknown}
 x - 3 scrolls of amnesia {unknown}
 y - 7 scrolls of teleportation
 z - 3 scrolls of fog {unknown}
 C - a scroll of fear {unknown}
 G - a scroll of enchant armour {unknown}
 I - a scroll of holy word {unknown}
 J - a scroll of magic mapping {unknown}
 M - a scroll of immolation {unknown}
 N - a scroll of silence {unknown}
 X - 2 scrolls of blinking {unknown}
Potions
 k - a potion of brilliance {unknown}
 l - 13 potions of curing {unknown}
 m - a potion of ambrosia {unknown}
 n - a potion of heal wounds {unknown}
 r - a potion of haste {unknown}
 t - 3 potions of berserk rage
 u - 2 potions of agility {unknown}
 w - 3 potions of mutation {unknown}
 D - a potion of flight {unknown}
 H - 2 potions of invisibility {unknown}
 O - a potion of beneficial mutation {unknown}
 W - a potion of lignification {unknown}
 Z - a potion of degeneration {unknown}
Books
 F - a Necronomicon

   Spells                             Type                      Level
   a - Haunt                          Necromancy/Summoning         7
   b - Borgnjor's Revivification      Necromancy                   8
   c - Death's Door                   Charms/Necromancy            8
   d - Infestation                    Necromancy                   8
   e - Necromutation                  Transmutation/Necromancy     8
Comestibles
 f - 5 bread rations
 i - 10 meat rations
 o - 15 fruits
 p - a beef jerky
 v - 2 royal jellies
 L - 6 slices of pizza


   Skills:
 + Level 9.9(9.3) Fighting
 + Level 10.6(9.9) Axes
 * Level 2.9(2.4) Staves
 + Level 1.5(1.0) Throwing
 + Level 9.7(9.1) Armour
 + Level 9.7(9.1) Dodging
 + Level 5.3(4.8) Stealth
 + Level 10.5(9.9) Shields
 + Level 0.1(0.0) Evocations


You had 10 spell levels left.
You didn't know any spells.

Dungeon Overview and Level Annotations

Branches:
Dungeon (10/15)            Temple (1/1) D:5            Lair (0/6) D:10
    Orc (1/2) D:9

Altars:
Ashenzari
Cheibriados
Dithmenos
Elyvilon
Fedhas
Gozag
Hepliaklqana
Kikubaaqudgha
Makhleb
Nemelex Xobeh
Okawaru
Qazlal
Ru
Sif Muna
Trog
Uskayaw
Vehumet
Xom
Yredelemnul
Zin
The Shining One

Shops:
D:6 (   D:8 :   D:9 [

Portals:
Trove: D:10 (show abyssal rune of Zot)

Annotations:
D:9 1 runed door
Orc:1 Josephine


Innate Abilities, Weirdness & Mutations

You reflexively headbutt those who attack you in melee.
You have a pair of horns on your head.


Message History

Josephine is heavily wounded.
Josephine hits you but does no damage. The wraith closely misses you.
The wraith barely misses you. The wraith hits you.
The wraith drains your vigour!
You feel as though you will be slow longer.
You block Josephine's attack. The wraith completely misses you.
You hit Josephine.
Josephine looks as sick as possible!
Your headbutt misses Josephine.
Josephine is heavily wounded.
Josephine hits you but does no damage. You block the wraith's attack.
The wraith hits you! You block the wraith's attack.
Josephine hits you with a dagger. The wraith hits you!
* * * LOW HITPOINT WARNING * * *
The wraith drains your vigour!
You feel as though you will be slow longer.
You hit Josephine.
Josephine looks as sick as possible!
Josephine is severely wounded.
The wraith hits you but does no damage.
Josephine is infused with unholy energy.
You die...

.........#.#...)........
.......######.#...>.....
.......## ##.....$...#
........## ##.......##
.........#.###......###
.................#.#.##.#
.#.......................
...............WW..#.##.
.(......#.......@#####
.).....##.....#.@#
........#..###....
...........# ##$.##
...........# ####
..........# ..#...#..##.
...#........ ...#...#.##.


You could see Josephine and 2 wraiths.

Vanquished Creatures
  A stone giant (D:9)
  A hydra (D:9)
  A death yak (D:10)
  2 hill giants
  An orc sorcerer (Orc:1)
  A cyclops (Orc:1)
  2 centaur zombies
  Maurice (D:8)
  Joseph (D:7)
  A polar bear (D:10)
  A centaur simulacrum (D:10)
  2 wraiths
  Grum (D:8)
  3 hungry ghosts
  3 yaks (D:9)
  A basilisk (D:10)
  2 hippogriffs
  2 wargs (Orc:1)
  3 soldier ants (D:9)
  A water moccasin (D:9)
  8 orc warriors
  A sky beast (D:8)
  4 phantoms
  5 ice beasts
  A black bear (D:9)
  A wasp (D:10)
  9 ogres
  4 wolves (D:8)
  3 centaurs
  4 giant frogs
  5 big kobolds
  3 water moccasin zombies (Ossuary)
  3 scorpions
  3 water moccasin skeletons
  13 killer bees
  5 troll zombies (D:9)
  An electric eel (D:10)
  A howler monkey (D:4)
  A lava snake (D:7)
  2 crimson imps
  A giant frog zombie (D:7)
  A quasit (D:9)
  A wasp zombie (D:9)
  11 orc priests
  A jelly (D:9)
  A giant frog skeleton (D:10)
  3 hounds
  A centaur skeleton (D:8)
  3 iguanas
  9 orc wizards
  9 worker ants
  5 sheep
  5 big kobold zombies (Ossuary)
  2 killer bee zombies
  3 ogre zombies (D:9)
  3 hound skeletons
  2 mummies (Ossuary)
  A worker ant zombie (D:8)
  18 adders
  8 gnolls
  A howler monkey skeleton (D:7)
  A river rat (D:5)
  5 shadow imps
  A white imp (D:10)
  A worker ant simulacrum (D:10)
  2 adder skeletons
  6 adder zombies
  2 worms
  A dart slug (D:3)
  3 giant geckos
  29 orcs
  6 giant cockroaches
  A gnoll zombie (Ossuary)
  5 goblins
  7 hobgoblins
  19 jackals
  15 kobolds
  6 quokkas
  A ball python (D:1)
  3 bats
  3 giant gecko skeletons
  3 giant newts
  2 goblin skeletons (D:9)
  5 goblin zombies (D:9)
  A hobgoblin skeleton (D:9)
  7 hobgoblin zombies
  A jackal zombie (D:9)
  5 kobold zombies (Ossuary)
  3 orc skeletons (D:9)
  15 orc zombies
  10 rats
366 creatures vanquished.

Vanquished Creatures (others)
  A giant gecko (D:7)
  2 plants (D:9)
3 creatures vanquished.

Grand Total: 369 creatures vanquished

Notes
Turn   | Place    | Note
-------+----------+-------------------------------------------
     0 | D:1      | st0uf the Minotaur Fighter began the quest for the Orb.
     0 | D:1      | Reached XP level 1. HP: 19/19 MP: 0/0
   261 | D:1      | Reached XP level 2. HP: 25/27 MP: 1/1
  1193 | D:2      | Reached XP level 3. HP: 32/33 MP: 2/2
  1412 | D:2      | Reached skill level 1 in Dodging
  1538 | D:2      | Reached XP level 4. HP: 39/40 MP: 3/3
  2168 | D:3      | Reached skill level 5 in Armour
  2232 | D:3      | Reached XP level 5. HP: 46/46 MP: 4/4
  2565 | D:4      | Reached XP level 6. HP: 17/53 MP: 5/5
  3012 | D:4      | Found a shadowy altar of Dithmenos.
  3435 | D:4      | Reached skill level 5 in Fighting
  3529 | D:5      | Entered Level 5 of the Dungeon
  3577 | D:5      | Reached XP level 7. HP: 40/61 MP: 6/6
  3586 | D:5      | Reached skill level 1 in Throwing
  3643 | D:5      | Found a staircase to the Ecumenical Temple.
  3666 | Temple   | Entered the Ecumenical Temple
  3708 | Temple   | Became a worshipper of Uskayaw the Reveler
  3845 | D:5      | Reached * piety under Uskayaw
  3846 | D:5      | Reached skill level 5 in Shields
  3866 | D:5      | Reached ** piety under Uskayaw
  3869 | D:5      | Reached *** piety under Uskayaw
  3903 | D:5      | Found a sand-covered staircase.
  3913 | Ossuary  | Entered an ossuary
  4013 | Ossuary  | Reached skill level 1 in Stealth
  4091 | Ossuary  | Reached skill level 5 in Axes
  4156 | Ossuary  | Reached XP level 8. HP: 59/70 MP: 7/7
  4506 | D:6      | Found Nifeiro's Antique Weapon Emporium.
  5285 | D:7      | Reached skill level 5 in Dodging
  5343 | D:7      | Noticed Joseph
  5349 | D:7      | Killed Joseph
  5377 | D:7      | Reached XP level 9. HP: 55/78 MP: 8/8
  5999 | D:8      | Reached **** piety under Uskayaw
  6446 | D:8      | Noticed Maurice
  6455 | D:8      | Noticed Grum
  6531 | D:8      | Killed Maurice
  6531 | D:8      | Reached XP level 10. HP: 40/88 MP: 9/9
  6604 | D:8      | Killed Grum
  6853 | D:8      | Found Rutocosa's Book Shoppe.
  7174 | D:9      | Reached ***** piety under Uskayaw
  7205 | D:9      | Noticed a three-headed hydra
  7210 | D:9      | Killed a one-headed hydra
  7223 | D:9      | Got a crude halberd
  7224 | D:9      | Identified the +6 halberd of the Enemy {vamp, rF+ MR+} (You found it on level 9 of the Dungeon)
  7314 | D:9      | Found a runed door.
  7320 | D:9      | Found a runed gate.
  7321 | D:9      | Found a runed gate.
  7322 | D:9      | Found a runed gate.
  7354 | D:9      | Found a runed door.
  7416 | D:9      | Found a staircase to the Orcish Mines.
  7438 | D:9      | HP: 2/90 [ogre zombie (4)]
  8166 | D:9      | Found Zyagg's Antique Armour Boutique.
  8173 | D:9      | Bought a distressingly furry buckler for 285 gold pieces
  8173 | D:9      | Identified the +2 buckler "Zimpogga" {Str+5} (You bought it in a shop on level 9 of the Dungeon)
  8456 | D:9      | Reached skill level 10 in Axes
  8465 | D:9      | Reached XP level 11. HP: 69/95 MP: 10/10
  8897 | D:10     | Entered Level 10 of the Dungeon
  8907 | D:10     | Noticed a death yak
  8927 | D:10     | Killed a death yak
  9256 | D:10     | Noticed a hill giant
  9275 | D:9      | Killed a hill giant
  9602 | D:10     | Reached skill level 10 in Shields
  9843 | D:10     | Found a portal to a secret trove of treasure.
  9926 | D:10     | Noticed a hill giant
  9943 | D:10     | Killed a hill giant
 10405 | D:10     | Reached skill level 1 in Staves
 10624 | D:10     | Found a staircase to the Lair.
 10779 | D:10     | Noticed a fire dragon
 10858 | Orc:1    | Entered Level 1 of the Orcish Mines
 10858 | Orc:1    | Noticed a stone giant
 11339 | D:9      | Killed a stone giant
 11726 | Orc:1    | Reached ****** piety under Uskayaw
 11731 | Orc:1    | Reached skill level 5 in Stealth
 12203 | Orc:1    | Noticed an orc sorcerer
 12207 | Orc:1    | Paralysed by an orc sorcerer for 6 turns
 12218 | Orc:1    | Killed an orc sorcerer
 12494 | Orc:1    | Noticed Josephine
 12508 | Orc:1    | Killed from afar by Josephine

Vault maps used:
D:1:      saegor_arrival_simple_c
D:2:      corexii_corridor_pit
D:3:      first_bread
D:4:      serial_corexii_hall, corexii_hall_statues_x,
          corexii_hall_statues_deadend, nicolae_dithmenos_the_darkroom
D:5:      portal_sewer_entry_b, enter_ossuary_1
D:6:      serial_shops, shop
D:7:      kennysheep_potato, uniq_joseph
D:8:      serial_shops, shop, uniq_grum, uniq_maurice
D:9:      zombieorc2_lemuel, serial_shops,
          nicolae_shop_temple_entry_statues_fountains, hangedman_ranch,
          minmay_guarded_unrand_staff_of_olgreb
D:10:     lair_0_dummy, nicolae_trove_entry_diagonal, serial_ice, serial_ice_m,
          serial_ice_j, serial_ice_g, serial_ice_h
Temple:   dpeg_three_leaves_temple
Orc:1:    uniq_josephine
Ossuary:  ossuary_tomb_2

Skill      XL: |  1  2  3  4  5  6  7  8  9 10 11 |
---------------+----------------------------------+-----
Armour         | 4 5 6 7 8 9 |  9.7
Fighting       | 4 5 6 7 8 9 |  9.9
Dodging        | 1 2 3 4 5 6 7 9 |  9.7
Axes           | 3 4 5 7 8 10 | 10.6
Shields        | 4 5 6 7 9 10 | 10.5
Throwing       | 1 |  1.5
Stealth        | 1 3 4 5 |  5.3
Staves         | 2 |  2.9
Evocations     | |  0.1

Action                   |  1- 3 |  4- 6 |  7- 9 | 10-12 || total
-------------------------+-------+-------+-------+-------++-------
Melee: War axe           |    77 |   121 |   364 |   274 ||   836
       Headbutt          |    10 |    21 |    74 |   114 ||   219
       Hand axe          |       |       |       |    42 ||    42
       Staff             |       |       |       |   179 ||   179
Throw: Tomahawk          |       |    12 |       |    29 ||    41
Invok: Stomp             |       |       |       |     3 ||     3
       Line Pass         |       |       |       |     1 ||     1
Evoke: Wand              |       |       |     2 |       ||     2
  Use: Potion            |       |       |     1 |     1 ||     2
       Scroll            |       |       |       |     6 ||     6
 Stab: Paralysed         |       |       |    14 |    33 ||    47
       Sleeping          |       |       |       |     2 ||     2
  Eat: Chunk             |     2 |     7 |     9 |    38 ||    56
       Pizza             |       |       |       |     1 ||     1
       Beef jerky        |       |       |       |     1 ||     1
Armor: Scale mail        |    36 |    59 |   158 |    33 ||   286
       Ring mail         |       |       |       |   130 ||   130
Dodge: Dodged            |    17 |    36 |   142 |   293 ||   488
Block: Shield            |    43 |    69 |   213 |   130 ||   455
       Buckler           |       |       |       |   145 ||   145
